 Dungeon Crawl Stone Soup version 0.27-a0-1071-ga85bd9520d (webtiles) character file.

Game seed: 1595294459066434081

457 senseless the Insei (level 7, -5/45 HPs)
             Began as an Octopode Transmuter on Apr 24, 2021.
             Slain by a shadow (34 damage)
             ... on level 5 of the Dungeon.
             The game lasted 00:13:13 (5840 turns).

senseless the Insei (Octopode Transmuter)           Turns: 5840, Time: 00:13:14

Health: -5/45      AC:  1    Str:  9    XL:     7   Next: 6%
Magic:  12/12      EV: 17    Int: 18    God:
Gold:   264        SH:  0    Dex: 12    Spells: 6/12 levels left

rFire    . . .     SeeInvis .     - Unarmed
rCold    . . .     Faith    .   (no shield)
rNeg     . . .     Spirit   .   (helmet currently unavailable)
rPois    .         Reflect  .   (no amulet)
rElec    .         Harm     .   g - ring of wizardry
rCorr    .         Rampage  .   j - +4 ring of evasion
Will     +....                  l - ring of willpower
Stlth    +++.......             (no ring)
HPRegen  0.15/turn              (no ring)
MPRegen  0.13/turn              (no ring)
                                (no ring)
                                (no ring)

@: appendages
A: tentacle spike 3, almost no armour, amphibious, 8 rings, camouflage 1,
gelatinous body 1, (nimble swimmer 1), tentacles
a: End Transformation


You were on level 5 of the Dungeon.
One of your tentacles had grown a beastly spike.
You visited 1 branch of the dungeon, and saw 5 of its levels.

You collected 264 gold pieces.

Inventory:

Missiles
 d - 5 curare-tipped darts
Jewellery
 g - a ring of wizardry (left tentacle)
 j - a +4 ring of evasion (right tentacle)
 l - a ring of willpower (on tentacle)
Wands
 c - a wand of digging (3)
 n - a wand of flame (9)
Scrolls
 b - a scroll of fog
 h - a scroll of teleportation
 o - 2 scrolls of identify
Potions
 a - 2 potions of heal wounds
 e - 2 potions of attraction
 f - 3 potions of curing
 i - a potion of magic {unknown}
 k - a potion of invisibility {unknown}
 m - a potion of haste {unknown}
 p - 2 potions of brilliance {unknown}


   Skills:
 + Level 2.5 Fighting
 + Level 3.0 Dodging
 + Level 2.5 Stealth
 + Level 4.5 Unarmed Combat
 + Level 3.3 Spellcasting
 + Level 4.0 Transmutations


You had 6 spell levels left.
You knew the following spells:

 Your Spells              Type           Power      Damage    Failure   Level
a - Beastly Appendage     Tmut           34%        N/A       1%          1
b - Wereblood             Tmut           17%        N/A       1%          2
c - Spider Form           Tmut/Pois      5%         N/A       9%          3

Your spell library contained the following spells:

 Spells                   Type           Power      Damage    Failure   Level
 Confusing Touch          Hex            3%         N/A       19%         3
 Gell's Gravitas          Tloc           1%         N/A       19%         3
 Ice Form                 Ice/Tmut       10%        N/A       26%         4
 Petrify                  Tmut/Erth      10%        N/A       26%         4
 Hydra Form               Tmut           8%         N/A       32%         5
 Yara's Violent Unravell  Hex/Tmut       5%         3d4       56%         5
 Metabolic Englaciation   Hex/Ice        1%         N/A       83%         5


Dungeon Overview and Level Annotations

Branches:
Dungeon (5/15)
 Temple: D:4-7

Altars:


Innate Abilities, Weirdness & Mutations

One of your tentacles has grown a beastly spike.
You cannot wear most types of armour.
You are amphibious.
You can wear up to eight rings at the same time.
Your skin changes colour to match your surroundings (Stealth+).
Your rubbery body absorbs attacks. (AC +1, EV +1)
((You are camouflaged near water. (Stealth+)))
You have tentacles for arms and can constrict up to eight enemies at once.


Message History

You start memorising the spell.
You continue memorising. x2
You finish memorising.
Spell assigned to 'b'.
This spell is dangerous to cast!
Memorise Spider Form, consuming 3 spell levels and leaving 6?
You start memorising the spell.
You continue memorising. x3
You finish memorising.
Spell assigned to 'c'.
Okay, then.
You open the door.
There is an open door here.
o - 2 scrolls of identify (gained 1)
Things that are here:
a +0 short sword; a +0 leather armour
There is an open door here.
You open the door.
There is an open door here.
A shadow comes into view.
Found a stone staircase leading down.
A shadow is nearby!
Casting: Beastly Appendage (safe; 1% risk of failure)
Confirm with . or Enter, or press ? or * to list all spells.
One of your tentacles grows a vicious spike.
Found a ring mail.
The shadow slips into darkness.
The shadow flickers and vanishes!
Deactivating autopickup; reactivate with Ctrl-A.
No target in view!
No target in view!
The shadow strikes at you from the darkness!
Reactivating autopickup.
You closely miss the shadow.
You pierce the shadow.
You squeeze the shadow, but do no damage.
The shadow is lightly damaged.
The shadow slips into darkness.
The shadow flickers and vanishes!
Deactivating autopickup; reactivate with Ctrl-A.
You tentacle-slap something but do no damage.
Your tentacle spike misses something.
The shadow strikes at you from the darkness!
Ouch! That really hurt!
You die...

...# ...# .# ...# .#
...# ..#
.##################...#
####...#..#....#..#...#
.#......#........>....#
.'......#.......{...[.#
.#......#.......@.....#
.#......#.............#
###...###..##.........#
###...###..############
............
............
...(........
............
....<.......


There were no monsters in sight!

Vanquished Creatures
  A centaur (D:5)
  A howler monkey (D:4)
  A jelly (D:4)
  A hound (D:4)
  An orc priest (D:3)
  An orc wizard (D:3)
  A hound zombie (D:4)
  A hound skeleton (D:4)
  4 gnolls
  5 adders
  An adder skeleton (D:4)
  4 dart slugs
  9 orcs
  8 endoplasms
  4 giant cockroaches
  2 goblins (D:1)
  10 hobgoblins
  6 jackals
  5 kobolds
  3 quokkas
  4 ball pythons
  6 bats
  2 frilled lizards
  6 rats
87 creatures vanquished.

Notes
Turn   | Place    | Note
-------+----------+-------------------------------------------
     0 | D:1      | senseless the Octopode Transmuter began the quest for the
                  | Orb.
     0 | D:1      | Reached XP level 1. HP: 13/13 MP: 3/3
   343 | D:1      | Reached XP level 2. HP: 13/18 MP: 3/5
   913 | D:1      | Reached XP level 3. HP: 21/23 MP: 4/6
  1735 | D:2      | Reached XP level 4. HP: 16/28 MP: 6/8
  2259 | D:3      | Reached skill level 1 in Stealth
  2701 | D:3      | Found a faded altar of an unknown god.
  3009 | D:3      | You fall into a shaft and drop 2 floors!
  3009 | D:5      | Entered Level 5 of the Dungeon
  3177 | D:3      | Reached XP level 5. HP: 5/33 MP: 9/9
  4159 | D:4      | Reached XP level 6. HP: 6/39 MP: 8/10
  5468 | D:5      | Reached XP level 7. HP: 18/45 MP: 10/12
  5769 | D:5      | Learned a level 2 spell: Wereblood
  5773 | D:5      | Learned a level 3 spell: Spider Form
  5831 | D:5      | Noticed a shadow
  5840 | D:5      | Slain by a shadow

Illustrated notes

Levels and vault maps discovered:
D:1:      scummos_arrival_star, layout_loops_ring, minmay_curled_crystal
D:2:      layout_rooms, serial_bayou_crossing
D:3:      layout_basic, ebering_ecumenical_altar_webs, minmay_quantized
D:4:      layout_loops_ring
D:5:      layout_gridville

Skill      XL: |  1  2  3  4  5  6 |
---------------+-------------------+-----
Stealth        | 1 2 |  2.5
Unarmed Combat | 4 |  4.5
Spellcasting   | 3 |  3.3
Transmutations | 3 4 |  4.0
Fighting       | 2 |  2.5
Dodging        | 3 |  3.0

Action                   |  1- 3 |  4- 6 |  7- 9 || total
-------------------------+-------+-------+-------++-------
Melee: Unarmed           |    79 |   146 |     2 ||   227
       Kick              |    22 |    27 |     1 ||    50
       Constrict         |    26 |    34 |       ||    60
       Tentacles         |    12 |    17 |     1 ||    30
       Punch             |     2 |     4 |       ||     6
 Cast: Beastly Appendage |    30 |    31 |     1 ||    62
  Use: Scroll            |       |     9 |       ||     9
 Stab: Sleeping          |     7 |     9 |       ||    16
Armor: Skin              |    11 |     7 |       ||    18
Dodge: Dodged            |    41 |   100 |       ||   141

Table legend: (Time is in decaauts)
 A = Elapsed time spent in this place.
 B = Non-inter-level travel time spent in this place.
 C = Inter-level travel time spent in this place.
 D = Time resting spent in this place.
 E = Time spent auto-exploring this place.
 F = Levels seen in this place.
 G = Mean time per level.
                   A        B        C        D        E       F      G
               +--------+--------+--------+--------+--------+-----+--------+
         Total |   5826 |   5693 |    133 |   1488 |   3590 |   5 | 1165.2 |
       Dungeon |   5826 |   5693 |    133 |   1488 |   3590 |   5 | 1165.2 |
               +--------+--------+--------+--------+--------+-----+--------+

Top non-repeatable levels by time:
     D:4: 1374 daAuts
     D:3: 1345 daAuts
     D:2: 1246 daAuts
     D:1: 1193 daAuts
     D:5: 667 daAuts
